 Dungeon Crawl Stone Soup version 0.29.1-15-g9cfb28693d (webtiles) character file.

Game seed: 5319199845251335878

427 jtron the Basher (level 6, -9/47 HPs)
             Began as a Gnoll Wanderer on Mar 20, 2023.
             Killed by an exploding adder (34 damage)
             ... ignited by their inner flame
             ... in a sewer.
             The game lasted 00:07:56 (4122 turns).

jtron the Basher (Gnoll Wanderer)                   Turns: 4122, Time: 00:07:57

Health: -9/47      AC:  6    Str: 14    XL:     6   Next: 97%
Magic:  9/9        EV:  8    Int:  9    God:
Gold:   275        SH:  5    Dex: 13    Spells: 9/9 levels left

rFire   . . .      SeeInvis .   a - +2 mace
rCold   . . .      Faith    .   c - +0 buckler
rNeg    . . .      Spirit   .   e - +1 leather armour
rPois   .          Reflect  .   (no helmet)
rElec   .          Harm     .   (no cloak)
rCorr   .          Rampage  .   m - +1 pair of gloves of the Other World {Contam +Inv Fly Stlth+}
Will    .....                   (no boots)
Stlth   +++.......              (no amulet)
HPRegen 0.15/turn               (no ring)
MPRegen 0.11/turn               (no ring)

@: flying, constricted
A: fangs 1, strong nose, distributed training
a: Evoke Invisibility


You were in a sewer.
You visited 1 branch of the dungeon, and saw 5 of its levels.
You also visited: Sewer.

You collected 275 gold pieces.

Inventory:

Hand Weapons
 a - a +2 mace (weapon)
 b - a +0 sling
 E - a +0 quarterstaff
Missiles
 g - 45 stones (quivered)
Armour
 c - a +0 buckler (worn)
 e - a +1 leather armour (worn)
 f - a +0 chain mail
 m - the +1 pair of gloves of the Other World (worn) {Contam +Inv Fly Stlth+}
   (You acquired it on level 1 of the Dungeon)

   +Inv:      It lets you turn invisible.
   Fly:       It grants you flight.
   Contam:    It causes magical contamination when unequipped.
   Stlth:     It makes you more stealthy.
Jewellery
 j - a +6 ring of strength
 s - a +6 ring of intelligence
Wands
 v - a wand of iceblast (15)
 x - a wand of charming (9)
Scrolls
 h - 2 scrolls of blinking
 i - a scroll of silence {unknown}
 k - 2 scrolls of teleportation {unknown}
 l - a scroll of immolation
 o - a scroll of summoning {unknown}
 p - 2 scrolls of enchant armour
 r - a scroll of brand weapon {unknown}
 t - a scroll of fear {unknown}
 u - a scroll of noise {unknown}
 B - a scroll of vulnerability {unknown}
Potions
 d - 2 potions of brilliance
 n - 3 potions of mutation
 q - a potion of cancellation {unknown}
 w - a potion of ambrosia {unknown}
 z - 2 potions of flight
 A - a potion of attraction
 D - a potion of haste {unknown}


   Skills:
 + Level 3.4 Fighting
 + Level 2.2 Short Blades
 + Level 2.2 Long Blades
 + Level 2.2 Axes
 + Level 10.7 Maces & Flails
 + Level 2.2 Polearms
 + Level 3.4 Staves
 + Level 2.2 Ranged Weapons
 + Level 2.2 Throwing
 + Level 5.1 Armour
 + Level 2.2 Dodging
 + Level 2.2 Stealth
 + Level 3.4 Shields
 + Level 2.2 Unarmed Combat
 + Level 2.2 Spellcasting
 + Level 1.8 Conjurations
 + Level 1.8 Hexes
 + Level 1.8 Summonings
 + Level 1.8 Necromancy
 + Level 1.8 Translocations
 + Level 1.8 Transmutations
 + Level 1.8 Fire Magic
 + Level 1.8 Ice Magic
 + Level 1.8 Air Magic
 + Level 1.8 Earth Magic
 + Level 1.8 Poison Magic
 + Level 2.5 Invocations
 + Level 2.2 Evocations


You had 9 spell levels left.
You didn't know any spells.
Your spell library contained the following spells:

 Spells                   Type           Power      Damage    Failure   Level
 Summon Ice Beast         Ice/Summ       4%         N/A       94%         4
 Summon Mana Viper        Hex/Summ       4%         N/A       100%        5
 Monstrous Menagerie      Summ           2%         N/A       100%        7


Dungeon Overview and Level Annotations

Branches:
Dungeon (5/15)             Temple (0/1) D:4           Sewer (1/1)

Altars:
Makhleb
Trog


Innate Abilities, Weirdness & Mutations

You have very sharp teeth.
Your uncanny sense of smell can sniff out nearby items.
Your experience applies equally to all skills.


Message History

The adder attacks as you move away! The adder closely misses you.
You feel sick.
You feel sick. The adder bites you.
You are more poisoned.
The adder poisons you! The rat closely misses you.
The rat attacks as you move away! You block the rat's attack.
You feel sick. The adder attacks as you move away!
The adder closely misses you.
You feel sick. The rat attacks as you move away!
The rat bites you but does no damage. The adder attacks as you move away!
The adder bites you but does no damage.
You feel sick. The ball python closely misses you.
The ball python barely misses you. You block the adder's attack.
You see here a rat corpse.
You feel sick. The ball python closely misses you. The ball python grabs you.
The ball python constricts you. The adder bites you but does no damage.
You barely miss the adder.
You feel sick.
The ball python bites you but does no damage.
The ball python constricts you. The adder barely misses you.
As you read the scroll of fog, it crumbles to dust.
The scroll dissolves into smoke.
You feel sick.
The ball python bites you but does no damage.
The ball python constricts you. The adder bites you but does no damage.
The rat twitches its whiskers.
The ball python closely misses you. The ball python constricts you.
You escape the ball python's grasp.
You feel sick. The adder barely misses you.
You feel sick.
You are no longer poisoned.
The adder barely misses you. The adder bites you but does no damage.
You block the ball python's attack. x2
The ball python attacks as you move away!
You block the ball python's attack. You block the adder's attack.
You thump the adder!
Flame seeps out of the adder.
Your bite misses the adder.
The adder is severely wounded.
You block the ball python's attack. The ball python grabs you.
The ball python constricts you.
The adder is engulfed in blazing flames.
The adder explodes!
The fiery explosion engulfs you!!
Ouch! That really hurt!
You die...

#.... ∆∆ #..†## #...##
#....####################
#.....#~≈≈§~≈≈~.~~≈≈≈≈..###
#.....~~≈§§≈~~~~≈~~≈≈≈~...##
#.....~S§§§~≈≈~#~≈#~~≈~....#
##†...~§§§r§S§≈≈≈≈~~~~~....#
##...~§§§§§○@≈≈≈≈≈≈~≈~....##
###.#~≈§§§≈§≈≈≈≈≈≈≈≈#.....#
####################....#
##...## ##†..# #...# ##...#
##...##
######################....#


You could see a ball python and a rat (inner flame).

Vanquished Creatures
  A water moccasin (D:4)
  3 orc wizards
  9 adders
  3 river rats
  An ufetubus (D:4)
  A worm (D:2)
  2 dart slugs (D:2)
  16 orcs
  17 ball pythons
  3 endoplasms
  4 giant cockroaches
  7 hobgoblins
  2 jackals (D:1)
  3 quokkas
  6 bats
  4 frilled lizards
  9 goblins
  3 kobolds (D:1)
  20 rats
114 creatures vanquished.

Vanquished Creatures (others)
  An orc wizard (D:4)
  6 plants (D:4)
7 creatures vanquished.

Grand Total: 121 creatures vanquished

Notes
Turn   | Place    | Note
-------+----------+-------------------------------------------
     0 | D:1      | Reached skill level 10 in Maces & Flails
     0 | D:1      | jtron the Gnoll Wanderer began the quest for the Orb.
     0 | D:1      | jtron set off with the following items: a +2 mace, a +0
                  | quarterstaff, a +0 buckler, a potion of brilliance, a +0
                  | leather armour.
     0 | D:1      | Reached XP level 1. HP: 17/17 MP: 1/1
   258 | D:1      | Reached XP level 2. HP: 14/23 MP: 2/2
   872 | D:1      | Reached XP level 3. HP: 28/28 MP: 3/3
   880 | D:1      | Identified a scroll of acquirement
   880 | D:1      | Acquired the +1 pair of gloves of the Other World {Contam
                  | +Inv Fly Stlth+}
  1133 | D:2      | Reached skill level 1 in Invocations
  1222 | D:2      | Reached skill level 1 in Short Blades
  1222 | D:2      | Reached skill level 1 in Long Blades
  1222 | D:2      | Reached skill level 1 in Axes
  1222 | D:2      | Reached skill level 1 in Polearms
  1222 | D:2      | Reached skill level 1 in Ranged Weapons
  1222 | D:2      | Reached skill level 1 in Throwing
  1222 | D:2      | Reached skill level 1 in Dodging
  1222 | D:2      | Reached skill level 1 in Stealth
  1222 | D:2      | Reached skill level 1 in Unarmed Combat
  1222 | D:2      | Reached skill level 1 in Spellcasting
  1222 | D:2      | Reached skill level 1 in Evocations
  1698 | D:2      | Found a faded altar of an unknown god.
  1704 | D:2      | Reached XP level 4. HP: 33/34 MP: 5/5
  1884 | D:2      | Reached skill level 1 in Conjurations
  1884 | D:2      | Reached skill level 1 in Hexes
  1884 | D:2      | Reached skill level 1 in Summonings
  1884 | D:2      | Reached skill level 1 in Necromancy
  1884 | D:2      | Reached skill level 1 in Translocations
  1884 | D:2      | Reached skill level 1 in Transmutations
  1884 | D:2      | Reached skill level 1 in Fire Magic
  1884 | D:2      | Reached skill level 1 in Ice Magic
  1884 | D:2      | Reached skill level 1 in Air Magic
  1884 | D:2      | Reached skill level 1 in Earth Magic
  1884 | D:2      | Reached skill level 1 in Poison Magic
  2228 | D:2      | Reached XP level 5. HP: 39/40 MP: 5/7
  3080 | D:3      | Found a burning altar of Makhleb.
  3334 | D:4      | Noticed a water moccasin
  3375 | D:4      | Found a staircase to the Ecumenical Temple.
  3380 | D:4      | You are sucked into a shaft and drop 1 floor!
  3380 | D:5      | Entered Level 5 of the Dungeon
  3502 | D:4      | Reached XP level 6. HP: 32/47 MP: 8/8
  3518 | D:4      | Reached skill level 5 in Armour
  3553 | D:4      | Killed a water moccasin
  3782 | D:4      | Found a bloodstained altar of Trog.
  3845 | D:4      | Found a glowing drain.
  3882 | Sewer    | Entered a sewer
  4122 | Sewer    | Killed by an exploding adder... ignited by their inner
                  | flame

Illustrated notes

Levels and vault maps discovered:
D:1:      dpeg_arrival_boxes_within_box, layout_basic, serial_corexii_hall,
          corexii_hall_statues_deadend, corexii_hall_statues_x
D:2:      kb_forest_paths, layout_basic,
          shapermc_ecumenical_altar_mp_ritualfount, minmay_snake_closets
D:3:      layout_loops_ring, lightli_temple_of_fire
D:4:      layout_basic, trog_book, minmay_temple_entry_gardened_gates,
          portal_sewer_entry_c
D:5:      layout_basic, serial_shops, kennysheep_mini,
          dreamdust_princess_corridor, uniq_menkaure
Sewer:    sewer_minmay_w

Skill      XL: |  1  2  3  4  5  6 |
---------------+-------------------+-----
Maces & Flails | | 10.7
Invocations    | 1 2 |  2.5
Short Blades   | 1 2 |  2.2
Long Blades    | 1 2 |  2.2
Axes           | 1 2 |  2.2
Polearms       | 1 2 |  2.2
Ranged Weapons | 1 2 |  2.2
Throwing       | 1 2 |  2.2
Dodging        | 1 2 |  2.2
Stealth        | 1 2 |  2.2
Unarmed Combat | 1 2 |  2.2
Spellcasting   | 1 2 |  2.2
Evocations     | 1 2 |  2.2
Conjurations   | 1 |  1.8
Hexes          | 1 |  1.8
Summonings     | 1 |  1.8
Necromancy     | 1 |  1.8
Translocations | 1 |  1.8
Transmutations | 1 |  1.8
Fire Magic     | 1 |  1.8
Ice Magic      | 1 |  1.8
Air Magic      | 1 |  1.8
Earth Magic    | 1 |  1.8
Poison Magic   | 1 |  1.8
Fighting       | 3 |  3.4
Staves         | 3 |  3.4
Shields        | 3 |  3.4
Armour         | 5 |  5.1

Action                   |  1- 3 |  4- 6 || total
-------------------------+-------+-------++-------
Melee: Mace              |    74 |   162 ||   236
       Bite              |     6 |    17 ||    23
 Fire: Sling             |       |    55 ||    55
  Use: Scroll            |     1 |     8 ||     9
       Potion            |       |     5 ||     5
 Stab: Sleeping          |     9 |    11 ||    20
       Invisible         |       |     2 ||     2
Armor: Leather armour    |     3 |    59 ||    62
Dodge: Dodged            |    28 |    83 ||   111
Block: Buckler           |     7 |    41 ||    48
